 Dungeon Crawl Stone Soup version 0.16.2-2-g470672f (webtiles) character file.

397 hannobal the Chopper (level 7, 0/52 HPs)
             Began as a Formicid Fighter on Sept 3, 2015.
             Slain by Prince Ribbit (2 damage)
             ... on level 4 of the Dungeon.
             The game lasted 00:11:36 (4124 turns).

hannobal the Chopper (Formicid Fighter)             Turns: 4124, Time: 00:11:36

Health: 0/52       AC: 16    Str: 26      XL:     7   Next: 10%
Magic:  9/9        EV:  5    Int:  7 (8)  God:
Gold:   176        SH: 10    Dex: 16      Spells: 0 memorised, 6 levels left

rFire  . . .     SeeInvis +     a - +0 broad axe
rCold  . . .     Clarity  .     i - +0 plate armour
rNeg   . . .     SustAb   .     c - +0 shield
rPois  .         Gourm    .     (helmet unavailable)
rElec  .         Spirit   .     (no cloak)
rCorr  .         Warding  .     n - +2 pair of gloves
rMut   .         Stasis   +     (no boots)
MR     .....                    (no amulet)
Stlth  ..........               r - +2 ring of protection
                                p - +5 ring of dexterity

@: mighty, not resistant to hostile enchantments, extremely unstealthy
A: permanent stasis, dig shafts and tunnels, four strong arms, antennae 3
a: Dig, Shaft Self


You were on level 4 of the Dungeon.
You were hungry.

You visited 1 branch of the dungeon, and saw 4 of its levels.

You collected 176 gold pieces.

Inventory:

Hand weapons
 a - a +0 broad axe (weapon)
 b - a +0 hunting sling
 q - a +1 war axe
Missiles
 f - 72 stones (quivered)
 g - 23 poisoned needles
 j - 17 bolts of penetration
 k - 17 arrows
 l - 15 bolts
 t - 2 javelins
Armour
 c - a +0 shield (worn)
 i - a +0 plate armour (worn)
 n - a +2 pair of gloves (worn)
Jewellery
 p - a +5 ring of dexterity (left hand)
 r - a +2 ring of protection (right hand)
Scrolls
 m - 6 scrolls of identify
 u - a scroll of remove curse
 v - 2 scrolls of fear
Potions
 s - a potion of curing
Comestibles
 d - 3 bread rations {@e1}
 h - a slice of pizza
 o - 2 beef jerkies


   Skills:
 - Level 3.2 Fighting
 + Level 7.1 Axes
 - Level 3.2 Armour
 - Level 3.6 Shields


You had 6 spell levels left.
You didn't know any spells.

Dungeon Overview and Level Annotations

Branches:
Dungeon (4/15)
 Temple: D:4-7

Altars:
Dithmenos
Vehumet

Annotations:
D:4 Prince Ribbit


Innate Abilities, Weirdness & Mutations

You are under a permanent stasis effect.
You can dig through walls and to a lower floor.
Your four strong arms can wield two-handed weapons with a shield.
You have a pair of large antennae on your head (SInv).


Message History

Prince Ribbit is lightly wounded.
Prince Ribbit hits you! x2
* * * LOW HITPOINT WARNING * * *
You slash Prince Ribbit!
Prince Ribbit is heavily wounded.
Prince Ribbit blinks!
Throwing (i - inventory. (,) - cycle):
f - 73 stones (quivered)
Press: ? - help, Shift-Dir - straight line, f - Prince Ribbit
Aim: Prince Ribbit (heavily wounded)
You throw a stone. The stone closely misses Prince Ribbit.
Prince Ribbit barely misses you.
Prince Ribbit momentarily phases out as your attack passes through him.
Prince Ribbit is heavily wounded.
Prince Ribbit hits you!
* * * LOW HITPOINT WARNING * * *
You aren't carrying any items that can be evoked.
You hit Prince Ribbit.
Prince Ribbit is heavily wounded.
Prince Ribbit hits you.
You die...

. ...#.. .. #.... .. ##.
#..##. # ..#####.# . #. #..
.......#### #. #. #...
#.....##.## #....### .....
#.....#..# ..#.....
.......#.......# #.###....
.## #....@F..(###..# #...#
.#...# ##....#....#..# #.##
....# ##..####.....####.
....# ##..## ##..?......#
...# #.....## ##.........
#..##...#...####....#####.
#......#.........#..# #
##...........>...##...#
##.##..<.............###..#


You could see Prince Ribbit.

Vanquished Creatures
  A sky beast (D:4)
  An orc priest (D:3)
  A worker ant (D:4)
  Natasha (thrice) (D:3)
  11 adders
  4 worms
  3 giant geckos
  9 orcs
  2 giant cockroaches
  11 hobgoblins
  3 jackals (D:2)
  10 kobolds
  3 ball pythons
  10 bats
  5 giant newts
  7 goblins
  9 rats
93 creatures vanquished.

Notes
Turn   | Place    | Note
--------------------------------------------------------------
     0 | D:1      | hannobal, the Formicid Fighter, began the quest for the Orb.
     0 | D:1      | Reached XP level 1. HP: 18/18 MP: 1/1
   313 | D:1      | Reached XP level 2. HP: 18/24 MP: 3/3
   628 | D:1      | Reached XP level 3. HP: 22/29 MP: 4/4
  1182 | D:2      | Found a shadowy altar of Dithmenos.
  1411 | D:2      | Reached skill level 4 in Axes
  1411 | D:2      | Reached XP level 4. HP: 21/35 MP: 5/5
  2325 | D:2      | Reached XP level 5. HP: 26/41 MP: 7/7
  2435 | D:3      | Reached skill level 5 in Axes
  2630 | D:3      | Noticed Natasha
  2634 | D:3      | Killed Natasha
  2678 | D:3      | Reached XP level 6. HP: 34/47 MP: 8/8
  2877 | D:3      | Noticed Natasha
  2887 | D:3      | Killed Natasha
  2887 | D:3      | Reached skill level 6 in Axes
  2951 | D:3      | Found a radiant altar of Vehumet.
  3083 | D:3      | Noticed Natasha
  3086 | D:3      | Killed Natasha
  3689 | D:4      | Noticed a sky beast
  3721 | D:4      | Killed a sky beast
  3721 | D:4      | Reached skill level 7 in Axes
  3721 | D:4      | Reached XP level 7. HP: 18/52 MP: 9/9
  4097 | D:4      | Noticed Prince Ribbit
  4123 | D:4      | HP: 2/52 [Prince Ribbit (10)]
  4124 | D:4      | Slain by Prince Ribbit

Action                   |  1- 3 |  4- 6 |  7- 9 || total
-------------------------+-------+-------+-------++-------
Melee: War axe           |   151 |   117 |       ||   268
       Broad axe         |       |   116 |    30 ||   146
Throw: Stone             |       |     7 |     2 ||     9
 Abil: Dig               |       |     1 |       ||     1
  Use: Scroll            |     3 |     6 |     1 ||    10
       Potion            |     3 |     3 |     1 ||     7
  Eat: Chunk             |     2 |     7 |     2 ||    11
